 Dungeon Crawl Stone Soup version 0.25.0-1-g7eea58d2a3 (webtiles) character file.

Game seed: 6040297029847962337

1706 Delamore the Cleaver (level 9, -2/105 HPs)
             Began as a Hill Orc Monk on June 14, 2020.
             Was a Believer of Qazlal.
             Slain by an orc warrior
             ... wielding a +0 dire flail
              (3 damage)
             ... on level 5 of the Dungeon.
             The game lasted 00:08:18 (7754 turns).

Delamore the Cleaver (Hill Orc Monk)                Turns: 7754, Time: 00:08:18

Health: -2/105     AC: 24    Str: 19    XL:     9   Next: 3%
Magic:  0/18       EV:  2    Int: 10    God:    Qazlal [**....]
Gold:   192        SH:  2    Dex: 13    Spells: 8/8 levels left

rFire    x . .     SeeInvis .   a - +0 hand axe
rCold    . . .     Gourm    .   (no shield)
rNeg     + + +     Faith    .   (armour currently unavailable)
rPois    +         Spirit   +   (helmet currently unavailable)
rElec    .         Reflect  .   (cloak currently unavailable)
rCorr    .         Harm     .   (gloves currently unavailable)
MR       .....     NoTele   +   (boots currently unavailable)
Stlth    ++........             f - amulet of guardian spirit
HPRegen  0.27/turn              e - ring of flight
MPRegen  0.16/turn              y - ring "Teoton" {rF- rN+ MP+9 Str+2}

@: tree-form, very slightly contaminated, hasted, invisible, very quick
A: no striking features
a: Upheaval, Renounce Religion


You were on level 5 of the Dungeon.
You worshipped Qazlal.
Qazlal was pleased with you.
You were very hungry.
You were a tree.
You visited 2 branches of the dungeon, and saw 7 of its levels.
You also visited: Ossuary.

You collected 192 gold pieces.

Inventory:

Hand Weapons
 a - a +0 hand axe (weapon)
Missiles
 k - 16 poisoned darts (quivered)
Armour
 b - a +0 robe
 j - a +0 scale mail (melded)
Jewellery
 e - a ring of flight (left branch)
 f - an amulet of guardian spirit (around neck)
 y - the ring "Teoton" (right branch) {rF- rN+ MP+9 Str+2}
   (You found it on level 5 of the Dungeon)

   [ring of magical power]

   It affects your strength (+2).
   It makes you vulnerable to fire.
   It protects you from negative energy.
   It affects your magic capacity (+9).
Wands
 p - a wand of polymorph (9)
 r - a wand of digging (4)
 t - a wand of random effects (11)
Scrolls
 d - 2 scrolls of teleportation
 g - 2 scrolls of blinking {unknown}
 m - 5 scrolls of identify {unknown}
 n - 2 scrolls of enchant armour {unknown}
 o - a scroll of amnesia {unknown}
 v - 2 scrolls of remove curse
 w - a scroll of immolation
 x - a scroll of magic mapping {unknown}
Potions
 h - 3 potions of ambrosia
 i - 4 potions of curing
 l - a potion of degeneration
Comestibles
 c - 5 rations


   Skills:
 - Level 3.6 Fighting
 + Level 14.3 Axes
 - Level 2.4 Dodging
 - Level 1.5 Stealth


You had 8 spell levels left.
You didn't know any spells.
Your spell library was empty.

Dungeon Overview and Level Annotations

Branches:
Dungeon (6/15)             Temple (1/1) D:5         Ossuary (visited)

Altars:
Ashenzari
Cheibriados
Fedhas
Hepliaklqana
Kikubaaqudgha
Makhleb
Nemelex Xobeh
Qazlal
Sif Muna
Trog
Uskayaw
Vehumet
Wu Jian
Xom
Yredelemnul
The Shining One

Shops:
D:4 :   D:5 :


Message History

The orc warrior hits you with a +0 dire flail of holy wrath.
* * * LOW HITPOINT WARNING * * *
You catch the helpless orc warrior completely off-guard!
You slash the orc warrior!
You kill the orc warrior!
Qazlal accepts your kill.
You have reached level 9!
Your experience leads to an increase in your attributes!
Your base attributes are Str 16, Int 10, Dex 13.
Increase (S)trength, (I)ntelligence, or (D)exterity?
You feel stronger.
You hit the orc warrior but do no damage.
You catch the helpless orc warrior completely off-guard!
You hit the orc warrior.
The orc warrior is severely wounded.
You cannot move.
You barely miss the orc warrior.
The orc warrior is severely wounded.
The orc warrior hits you with a +0 dire flail.
You die...

#.........##...........#.......
#.....♣.........P...P..#......#
#..<.........................##
#.....♣.........P...P...##..###
#.......................###..##
##..♣...........P...P..#.##..(#
##..........(..............#..
####..####..°.....P....##.#..
##..# ##§♣)...............
#...# ##o)P........#..... #..##
#................# ##.#
#..P...P.....#...# ###
#.........##.#....
#..P...P..#.......
##................#
#.......P.........#
##.................


You could see an orc warrior.

Vanquished Creatures
  Grinder (D:6)
  An orc warrior (D:5)
  A sky beast (Temple)
  An ogre (Temple)
  A centaur (D:5)
  4 elf zombies (Ossuary)
  A scorpion (D:5)
  4 centaur zombies (Ossuary)
  2 crimson imps
  A hound (D:4)
  A jelly (D:5)
  4 human zombies (Ossuary)
  2 orc wizards
  Ijyb (D:4)
  Natasha (thrice) (D:4)
  An iguana (D:6)
  3 worker ants
  4 mummies
  4 gnolls
  A worker ant zombie (D:5)
  4 adders
  2 shadow imps (D:6)
  A dart slug (D:2)
  11 leopard geckos
  5 orcs
  5 bats
  4 giant cockroaches
  8 goblins
  3 hobgoblins
  6 jackals
  2 quokkas
  A ball python skeleton (D:4)
  3 frilled lizards
  A jackal zombie (D:5)
  3 kobolds
  A quokka skeleton (D:5)
  6 rats
107 creatures vanquished.

Notes
Turn   | Place    | Note
-------+----------+-------------------------------------------
     0 | D:1      | Delamore the Hill Orc Monk began the quest for the Orb.
     0 | D:1      | Reached XP level 1. HP: 19/19 MP: 1/1
    56 | D:1      | Reached XP level 2. HP: 26/26 MP: 2/2
   206 | D:1      | Reached skill level 5 in Axes
   758 | D:1      | Reached XP level 3. HP: 31/31 MP: 3/3
  1515 | D:2      | Reached skill level 6 in Axes
  1773 | D:1      | Reached XP level 4. HP: 33/39 MP: 4/4
  2306 | D:2      | Reached skill level 7 in Axes
  2721 | D:3      | Found a shattered altar of Ashenzari.
  2844 | D:3      | Reached XP level 5. HP: 41/45 MP: 5/5
  3415 | D:4      | Noticed Natasha
  3422 | D:4      | Killed Natasha
  3425 | D:4      | Found a glowing golden altar of the Shining One.
  3466 | D:4      | Found Miplonuoll's Book Boutique.
  3516 | D:4      | Noticed Ijyb
  3543 | D:4      | Killed Ijyb
  3543 | D:4      | Reached skill level 8 in Axes
  3647 | D:4      | Noticed Natasha
  3656 | D:4      | Killed Natasha
  3667 | D:4      | Noticed Natasha
  3686 | D:4      | Reached XP level 6. HP: 15/51 MP: 6/6
  3689 | D:4      | Killed Natasha
  3756 | D:4      | Found a sand-covered staircase.
  3766 | D:4      | Reached skill level 9 in Axes
  3770 | Ossuary  | Entered an ossuary
  4048 | Ossuary  | Reached skill level 10 in Axes
  4048 | Ossuary  | Reached XP level 7. HP: 15/57 MP: 2/7
  4685 | Ossuary  | Reached skill level 11 in Axes
  5177 | D:4      | Reached XP level 8. HP: 54/64 MP: 6/8
  5397 | D:5      | Entered Level 5 of the Dungeon
  5429 | D:5      | Reached skill level 12 in Axes
  5768 | D:5      | Found a hide-covered altar of Uskayaw.
  5771 | D:5      | Found a staircase to the Ecumenical Temple.
  5771 | D:5      | Noticed a +0 dagger
  5771 | D:5      | Noticed a +0 hand axe
  5788 | Temple   | Entered the Ecumenical Temple
  6001 | Temple   | Became a worshipper of Qazlal Stormbringer
  6001 | Temple   | Reached * piety under Qazlal
  6001 | Temple   | Reached ** piety under Qazlal
  6264 | D:5      | Reached skill level 13 in Axes
  6911 | D:5      | Got a heavily runed platinum ring
  6912 | D:5      | Identified the ring "Teoton" {rF- rN+ MP+9 Str+2} (You
                  | found it on level 5 of the Dungeon)
  6976 | D:5      | Found Fol Enn's Book Shoppe.
  7391 | D:6      | Noticed Grinder
  7417 | D:6      | Killed Grinder
  7417 | D:6      | Reached skill level 14 in Axes
  7746 | D:5      | HP: 1/96 [orc warrior/+0 dire flail of holy wrath (8)]
  7751 | D:5      | HP: 1/96 [orc warrior/+0 dire flail of holy wrath (1)]
  7752 | D:5      | Reached XP level 9. HP: 1/70 MP: 1/9
  7754 | D:5      | Slain by an orc warrior

Illustrated notes

Levels and vault maps discovered:
D:1:      dpeg_arrival_subterranean_lakeside_camping, layout_loops_ring,
          minmay_misc_feat_cross, hangedman_decor_points, hex_tiny,
          serial_park_tiny_2, chequers_serial_rivers_small_3,
          minmay_misc_feat_chi
D:2:      layout_rooms, chequers_serial_rivers_small_b, minivault_19,
          grunt_decor_one_mirror, serial_bayou_pond_a
D:3:      layout_basic, nicolae_ashenzari_panopticon
D:4:      layout_gridville, tso_oasis_becter, serial_shops,
          kennysheep_little_box, gup_ossuary_entry_pyramid, uniq_natasha,
          uniq_ijyb
D:5:      layout_cave_pools, dancing_weapons_uskayaw, minmay_temple_entry_tees,
          first_ration, serial_shops, shop, serial_park, serial_park_tiny_2,
          serial_park_avenue1, grunt_ministairs_9
D:6:      minmay_clustersquares, layout_cave_pods, uniq_grinder
Temple:   cyrus_circular_temple

Skill      XL: |  1  2  3  4  5  6  7  8 |
---------------+-------------------------+-----
Axes           | 5 6 7 8 10 11 14 | 14.3
Fighting       | |  3.6
Dodging        | |  2.4
Stealth        | |  1.5

Action                   |  1- 3 |  4- 6 |  7- 9 || total
-------------------------+-------+-------+-------++-------
Melee: Hand axe          |   103 |   208 |   394 ||   705
  Use: Potion            |       |     6 |     3 ||     9
       Scroll            |       |       |     3 ||     3
 Stab: Sleeping          |     4 |       |       ||     4
       Invisible         |       |       |     4 ||     4
  Eat: Chunk             |     2 |     8 |     4 ||    14
       Ration            |       |       |     2 ||     2
Armor: Robe              |    13 |       |       ||    13
       Scale mail        |    12 |    57 |    86 ||   155
       Skin              |       |       |     8 ||     8
Dodge: Dodged            |    82 |    94 |   109 ||   285
Block: Other             |       |       |    19 ||    19
